cohdb
Replays
Latest Replays
All Replays
Popular Replays
Top Player Replays
Match Explorer
How It Works
Community
CoH3 Stats
Reddit
Sign in to upload your games and track your stats! →
Sign in with Steam
Match 47137434
Unlisted
Match 47137434
Overview
Messages
Build Orders
End
Selects Advanced Infantry Battlegroup
Construct Barracks
Riflemen Squad
Riflemen Squad
Grenade Package
Selects Convert to Ranger Squad
Ranger Squad
Construct Medical Station
Construct Weapon Support Center
Convert to Ranger Squad
Improved M9 Bazooka Rockets
Bazooka Squad
Infantry Support Center
M3 Armored Personnel Carrier
M1918 Browning Automatic Rifles
Pink Bean
Cheeto_420
geitje1
Minions
[SE:VH] Queiroz
Be Frabjous
Akan^
Lapis Rose
0
0
Comments
sign in to comment!
No comments posted yet!